 Dungeon Crawl Stone Soup version 0.28-a0-612-gcfc00ec14d (webtiles) character file.

Game seed: 13263867025608245879

99 lunkers the Ruffian (level 4, 0/45 HPs)
             Began as a Troll Cinder Acolyte on Oct 5, 2021.
             Was a High Priest of Ignis.
             Slain by Eustachio (3 damage)
             ... on level 4 of the Dungeon on Oct 6, 2021.
             The game lasted 00:03:25 (2170 turns).

lunkers the Ruffian (Troll Cinder Acolyte)          Turns: 2170, Time: 00:03:26

Health: 0/45       AC:  4    Str: 22    XL:     4   Next: 45%
Magic:  13/13      EV:  6    Int: 10    God:    Ignis [*****.]
Gold:   43         SH:  5    Dex:  6    Spells: 5/5 levels left

rFire   + + .      SeeInvis .     - Unarmed
rCold   + . .      Faith    .   c - +0 kite shield
rNeg    . . .      Spirit   .   a - +0 robe
rPois   +          Reflect  .   (helmet restricted)
rElec   +          Harm     .   (no cloak)
rCorr   +          Rampage  .   (gloves unavailable)
Will    .....                   (boots unavailable)
Stlth   +.........              (no amulet)
HPRegen 1.15/turn               d - ring of poison resistance
MPRegen 0.13/turn               n - ring of magical power

@: mighty, resistant
A: large, unfitting armour, claws 3, regeneration 1, shaggy fur 1, tough skin 1
a: Renounce Religion, Sea of Fire, Foxfire Swarm, Rising Flame


You were on level 4 of the Dungeon.
You worshipped Ignis.
Ignis was extremely pleased with you.
You visited 1 branch of the dungeon, and saw 4 of its levels.

You collected 43 gold pieces.

Inventory:

Missiles
 e - 78 stones (quivered)
 j - 2 silver javelins
Armour
 a - a +0 robe (worn)
 c - a +0 kite shield (worn)
Jewellery
 d - a ring of poison resistance (left claw)
 n - a ring of magical power (right claw)
Scrolls
 b - 2 scrolls of teleportation
 i - a scroll of fear {unknown}
 m - a scroll of blinking {unknown}
Potions
 f - 2 potions of might
 g - a potion of attraction
 k - a potion of magic {unknown}
 l - a potion of curing {unknown}
 p - a potion of flight {unknown}


   Skills:
 + Level 3.0 Fighting
 + Level 1.3 Shields
 * Level 4.3 Unarmed Combat
 - Level 1.0 Spellcasting
 - Level 2.1 Fire Magic


You had 5 spell levels left.
You didn't know any spells.
Your spell library contained the following spells:

 Spells                   Type           Power      Damage    Failure   Level
 Scorch                   Fire           8%         2d5       73%         2


Dungeon Overview and Level Annotations

Branches:
Dungeon (4/15)
 Temple: D:4-7

Altars:
Yredelemnul
The Shining One

Annotations:
D:3 2 runed translucent doors, PezBoy's ghost, amateur GrFi; bande's ghost, amateur GrFi
D:4 Eustachio


Innate Abilities, Weirdness & Mutations

You are too large for most types of armour.
You have claws for hands.
Your natural rate of healing is unusually fast.
You are covered in fur. (AC +1)
You have tough skin. (AC +1)


Message History

Ijyb hits you with a +0 dagger.
* * * LOW HITPOINT WARNING * * *
You barely miss Ijyb.
Ijyb is moderately wounded.
Ijyb hits you with a +0 dagger.
* * * LOW HITPOINT WARNING * * *
The hobgoblin barely misses you.
Unknown command.
You closely miss Ijyb.
Ijyb is moderately wounded.
The hobgoblin hits you.
* * * LOW HITPOINT WARNING * * *
Ijyb barely misses you.
You miss Ijyb.
Ijyb is moderately wounded.
The hobgoblin hits you but does no damage.
You block Ijyb's attack.
Unknown command.
You claw Ijyb!
Ijyb is heavily wounded.
The hobgoblin hits you.
* * * LOW HITPOINT WARNING * * *
Ijyb hits you with a +0 dagger.
* * * LOW HITPOINT WARNING * * *
You closely miss Ijyb.
Ijyb is heavily wounded.
The hobgoblin hits you.
* * * LOW HITPOINT WARNING * * *
Ijyb hits you with a +0 dagger.
* * * LOW HITPOINT WARNING * * *
You claw Ijyb!
You kill Ijyb!
The hobgoblin hits you but does no damage.
The hobgoblin hits you.
* * * LOW HITPOINT WARNING * * *
Your Fighting skill increases to level 3!
It was a potion of resistance.
You feel protected. Eustachio hits you with a +0 rapier.
You die...

#......
...[...
.......
.......
#......
##..... ###
......g####.##
#..@@†....#
###.####.## #.
#.# #. #.# #..
#. #.# #.# ..
#.# #.# ## #.#
#.# #.# #.#
#.# #.#


You could see Eustachio and a hobgoblin.

Vanquished Creatures
  Ijyb (D:4)
  An orc wizard (D:4)
  A dart slug (D:3)
  2 orcs (D:4)
  3 endoplasms
  6 giant cockroaches
  7 goblins
  5 hobgoblins
  4 kobolds
  A quokka (D:1)
  A ball python (D:2)
  4 frilled lizards
  4 rats
40 creatures vanquished.

Vanquished Creatures (others)
  A hobgoblin (D:4)
  2 plants (D:3)
3 creatures vanquished.

Grand Total: 43 creatures vanquished

Notes
Turn   | Place    | Note
-------+----------+-------------------------------------------
     0 | D:1      | lunkers the Troll Cinder Acolyte began the quest for the
                  | Orb.
     0 | D:1      | Reached XP level 1. HP: 22/22 MP: 1/1
   135 | D:1      | Reached XP level 2. HP: 22/29 MP: 2/2
   179 | D:1      | Found a faded altar of an unknown god.
   765 | D:2      | Found a basalt altar of Yredelemnul.
   842 | D:2      | Reached XP level 3. HP: 36/36 MP: 3/3
  1343 | D:3      | Found a large runed translucent door.
  1344 | D:3      | Found a large runed translucent door.
  1344 | D:3      | Noticed a vault warden
  1346 | D:3      | Noticed bande's ghost (amateur GrFi)
  1346 | D:3      | Noticed a vault guard
  1346 | D:3      | Noticed PezBoy's ghost (amateur GrFi)
  1379 | D:3      | Found a glowing golden altar of the Shining One.
  2100 | D:4      | Reached skill level 1 in Shields
  2103 | D:4      | Reached skill level 4 in Unarmed Combat
  2103 | D:4      | Reached XP level 4. HP: 36/44 MP: 4/4
  2153 | D:4      | Noticed Ijyb
  2156 | D:4      | Noticed Eustachio
  2169 | D:4      | Killed Ijyb
  2169 | D:4      | HP: 1/44 [hobgoblin (3)]
  2170 | D:4      | Slain by Eustachio

Illustrated notes

Levels and vault maps discovered:
D:1:      psy_arrival_heroes, layout_basic, shapermc_ecumenical_altar_acropolis,
          minmay_bisected
D:2:      layout_basic, basic_altar
D:3:      layout_rooms, lemuel_doored_altar, serial_bayou, serial_bayou_ford_a,
          serial_bayou_lagoon_a, serial_bayou_lagoon_b, serial_bayou_shore_a,
          advil_vaults_ghost_guards, minmay_misc_feat_nine_boxes,
          bh_walls_and_bars
D:4:      layout_loops_ring, gup_sewer_entry_bowl, chequers_mini_garden,
          uniq_sigmund, uniq_ijyb, uniq_eustachio

Skill      XL: |  1  2  3  4 |
---------------+-------------+-----
Shields        | 1 |  1.3
Unarmed Combat | 4 |  4.3
Fighting       | 3 |  3.0
Spellcasting   | |  1.0
Fire Magic     | |  2.1

Action                   |  1- 3 |  4- 6 || total
-------------------------+-------+-------++-------
Melee: Unarmed           |   121 |    14 ||   135
       Punch             |     1 |       ||     1
Throw: Stone             |     9 |       ||     9
  Use: Scroll            |     4 |       ||     4
       Potion            |       |     2 ||     2
Armor: Robe              |    48 |     6 ||    54
Dodge: Dodged            |    34 |     6 ||    40
Block: Kite shield       |    26 |     6 ||    32

Table legend: (Time is in decaauts)
 A = Elapsed time spent in this place.
 B = Non-inter-level travel time spent in this place.
 C = Inter-level travel time spent in this place.
 D = Time resting spent in this place.
 E = Time spent auto-exploring this place.
 F = Levels seen in this place.
 G = Mean time per level.
                   A        B        C        D        E       F      G
               +--------+--------+--------+--------+--------+-----+--------+
         Total |   2241 |   2168 |     73 |      0 |   1791 |   4 |  560.2 |
       Dungeon |   2241 |   2168 |     73 |      0 |   1791 |   4 |  560.2 |
               +--------+--------+--------+--------+--------+-----+--------+

Top non-repeatable levels by time:
     D:3: 831 daAuts
     D:1: 767 daAuts
     D:2: 557 daAuts
     D:4: 85 daAuts
